 Dungeon Crawl Stone Soup version 0.25-a0-576-g50b708a4c4 (webtiles) character file.

Game seed: 2605348406469040521, levelgen mode: deterministic

56247 Flugslaktarn the Severer (level 14, -2/132 HPs)
             Began as a Deep Dwarf Fighter on Mar 2, 2020.
             Was the Champion of Makhleb.
             Slain by a catoblepas (10 damage)
             ... led by Polyphemus
             ... while petrified by you
             ... on level 2 of the Shoals.
             The game lasted 00:08:55 (11118 turns).

Flugslaktarn the Severer (Deep Dwarf Fighter)      Turns: 11118, Time: 00:08:56

Health: -2/132     AC: 20    Str: 34    XL:     14   Next: 41%
Magic:  18/18      EV:  2    Int:  7    God:    Makhleb [******]
Gold:   1082       SH:  0    Dex: 12    Spells: 13/13 levels left

rFire    + + +     SeeInvis +   o - +2 hand axe (elec)
rCold    + . .     Gourm    .   N - +0 tower shield
rNeg     + + +     Faith    .   j - +3 chain mail "Raiboz" {+Inv rF++ rC- SInv}
rPois    ∞         Spirit   .   L - +0 helmet
rElec    .         Reflect  +   k - scarf {rC+ rF+}
rCorr    .         Harm     .   (no gloves)
MR       ++...                  Q - +2 pair of boots
Stlth    ..........             s - amulet "Ufatij" {Reflect rC+ Str+4 SH+3}
HPRegen  0.00/turn              B - ring "Nosayts" {+Blink +Fly Str+4 Int-4} (curse)
MPRegen  0.16/turn              H - +3 ring of strength

@: petrified, non-regenerating
A: damage resistance, heal wounds, negative energy resistance 1, sense
surroundings 2, no regeneration
a: Heal Wounds, Minor Destruction, Lesser Servant of Makhleb, Major Destruction,
Greater Servant of Makhleb, Renounce Religion, Evoke Blink, Evoke Invisibility,
Evoke Flight


You were on level 2 of the Shoals.
You worshipped Makhleb.
Makhleb was exalted by your worship.
You were near starving.

You visited 4 branches of the dungeon, and saw 20 of its levels.
You also visited: Ossuary.

You collected 1112 gold pieces.
You spent 30 gold pieces at shops.

Inventory:

Hand Weapons
 a - a +0 war axe
 o - a +2 hand axe of electrocution (weapon)
   (You took it off an orc on level 5 of the Dungeon)
 A - a +3 broad axe
   (You found it on level 6 of the Lair of Beasts)
Missiles
 D - 2 throwing nets (quivered)
Armour
 b - a +0 scale mail
 c - a +1 kite shield
 i - the +4 chain mail of Eternal Vigilance {rElec MR+}
   (You acquired it on level 1 of the Shoals)

   It insulates you from electricity.
   It affects your resistance to hostile enchantments.
   If you switch to wearing this armour, your AC will increase by 1 (20 -> 21).
 j - the +3 chain mail "Raiboz" (worn) {+Inv rF++ rC- SInv}
   (You found it on level 4 of the Dungeon)

   It greatly protects you from fire.
   It makes you vulnerable to cold.
   It lets you see invisible.
   It lets you turn invisible.
   If you remove this armour, your AC will decrease by 15 (20 -> 5).
 k - a scarf of resistance (worn)
   (You found it on level 4 of the Dungeon)
 n - a +0 plate armour
   (You took it off an orc warrior on level 7 of the Dungeon)
 L - a +0 helmet (worn)
   (You found it on level 2 of the Lair of Beasts)
 N - a +0 tower shield (worn)
   (You found it on level 3 of the Lair of Beasts)
 Q - a +2 pair of boots (worn)
   (You found it on level 2 of the Lair of Beasts)
Jewellery
 s - the amulet "Ufatij" (around neck) {Reflect rC+ Str+4 SH+3}
   (You took it off a crimson imp on level 9 of the Dungeon)

   [amulet of reflection]

   It shields you and reflects attacks.
   It affects your strength (+4).
   It protects you from cold.
   It affects your SH (+3).
 B - the cursed ring "Nosayts" (left hand) {+Blink +Fly Str+4 Int-4}
   (You took it off a centaur on level 9 of the Dungeon)

   [ring of intelligence]

   It affects your strength (+4).
   It affects your intelligence (-4).
   It lets you fly.
   It lets you blink.
   It has a curse placed upon it.
 C - the ring of Music {rElec rN+ Int-2 Dex+4 SInv}
   (You found it on level 9 of the Dungeon)

   [ring of see invisible]

   It affects your intelligence (-2).
   It affects your dexterity (+4).
   It insulates you from electricity.
   It protects you from negative energy.
   It lets you see invisible.
 H - a +3 ring of strength (right hand)
   (You found it on level 5 of the Lair of Beasts)
Wands
 v - a wand of digging (11)
   (You found it on level 2 of the Lair of Beasts)
 y - a wand of paralysis (8)
   (You found it on level 7 of the Dungeon)
 F - a wand of clouds (3)
   (You found it on level 3 of the Lair of Beasts)
 G - a wand of iceblast (8)
   (You found it on level 9 of the Dungeon)
 S - a wand of acid (10)
   (You found it on level 4 of the Lair of Beasts)
Scrolls
 t - 5 scrolls of teleportation
 x - 6 scrolls of remove curse
 z - a scroll of blinking
 I - a scroll of fear
 J - a scroll of magic mapping
 P - a scroll of summoning
 U - a scroll of fog
 W - a scroll of immolation
Potions
 d - a potion of might
 f - a potion of cancellation
 g - a potion of berserk rage
 h - 3 potions of haste
 l - a potion of magic
 m - 4 potions of brilliance
 p - 2 potions of invisibility
 q - 6 potions of curing
 u - 5 potions of lignification
 w - 3 potions of heal wounds
 E - 2 potions of flight
 K - 2 potions of mutation {unknown}
 M - 4 potions of stabbing
 O - a potion of resistance {unknown}
Miscellaneous
 R - a lamp of fire
   (You found it on level 4 of the Lair of Beasts)
Comestibles
 e - 24 rations


   Skills:
 + Level 10.1 Fighting
 * Level 15.7 Axes
 + Level 11.8 Armour
 + Level 11.9 Shields
 + Level 13.1 Invocations


You had 13 spell levels left.
You didn't know any spells.
Your spell library was empty.

Dungeon Overview and Level Annotations

Branches:
Dungeon (10/15)            Temple (1/1) D:4            Lair (6/6) D:10
 Shoals (3/4) Lair:4       Spider (0/4) Lair:2        Slime (0/5) Lair:5
Ossuary (visited)
    Orc: D:9-12

Altars:
Dithmenos
Elyvilon
Fedhas
Gozag
Hepliaklqana
Makhleb
Nemelex Xobeh
Okawaru
Qazlal
Ru
Sif Muna
Trog
Uskayaw
Vehumet
Wu Jian
Xom
Yredelemnul
Zin
The Shining One
Jiyva

Shops:
D:6 *   D:7 [   D:8 *   D:9 }

Annotations:
D:10 exclusion: oklob plant
Shoals:2 Polyphemus


Innate Abilities, Weirdness & Mutations

You are resistant to damage.
You can heal yourself by infusing magical energy.
You resist negative energy. (rN+)
You passively map the area around you.
You do not regenerate.


Message History

The catoblepas barely misses you.
The harpy is engulfed in calcifying dust. x2
Polyphemus throws a large rock.
The large rock completely misses you. The catoblepas gores you!
* * * LOW HITPOINT WARNING * * *
The death yak gores you. The catoblepas gores you!
* * * LOW HITPOINT WARNING * * *
A harpy comes into view.
The death yak gores you but does no damage.
The catoblepas gores you.
The harpy screeches!
A harpy comes into view.
The death yak gores you.
* * * LOW HITPOINT WARNING * * *
The death yak gores you. Polyphemus throws the death yak at you!
* * * LOW HITPOINT WARNING * * *
The death yak gores you!
* * * LOW HITPOINT WARNING * * *
The catoblepas gores you!!
You die...

≈≈≈≈.≈≈≈...†........≈≈≈≈≈≈
≈
.≈≈≈.≈≈..#...≈≈≈≈..≈≈≈≈≈≈≈
≈ ≈
..≈......##.!.≈≈...≈≈≈≈≈≈
..≈............(..≈≈$≈≈H≈
≈ ≈
###......≈.....≈≈≈≈≈≈≈≈≈≈
≈
.##.##..(.....)))≈≈≈≈≈≈≈≈
≈
................)H≈H≈≈≈≈≈
≈
....≈....≈......YYC(≈≈≈≈.,
≈
.≈≈≈≈≈≈≈.(.....Y@Y(≈≈≈≈≈≈
≈≈
≈≈≈≈≈≈≈..≈........≈≈≈≈≈≈≈
≈,
≈≈≈≈≈≈≈.........(.≈≈≈≈≈≈.
≈ , ,
≈≈≈≈≈≈≈≈.........≈≈≈≈≈≈≈.
,
≈≈≈≈≈≈≈≈....(...[..≈≈≈..≈
,,
≈≈≈≈≈≈≈≈........(..≈≈....
, ≈ ≈......≈..<.≈≈..<. ,,
≈ ≈≈......≈....≈≈.... , ≈
≈≈≈....≈....≈≈≈≈.≈≈ ,*


You could see Polyphemus, 3 death yaks, a catoblepas and 3 harpies.

Vanquished Creatures
  Gastronok (Lair:3)
  A dire elephant (Lair:6)
  Josephine (Lair:5)
  3 hydras
  A centaur warrior (D:9)
  A merfolk aquamancer (Shoals:2)
  A merfolk avatar (Lair:6)
  Nergalle (Lair:3)
  2 sea snakes
  5 fauns
  7 black mambas
  11 elephants
  A water nymph (Shoals:2)
  3 merfolk sirens
  9 spiny frogs
  A torpor snail (Lair:6)
  4 rime drakes
  9 komodo dragons
  5 polar bears
  3 trolls (D:9)
  3 hornets
  A merfolk (Shoals:2)
  13 dream sheep
  2 wind drakes
  Prince Ribbit (D:8)
  A snapping turtle (Shoals:2)
  27 blink frogs
  8 hippogriffs
  2 redbacks (Lair:2)
  5 water elementals (Shoals:2)
  43 yaks
  A wyvern (Lair:6)
  4 wraiths
  3 basilisks
  A hungry ghost (D:7)
  Menkaure (D:7)
  11 water moccasins
  5 porcupines
  2 orc warriors (D:7)
  5 ice beasts
  2 sky beasts
  A phantom (D:9)
  5 ogres
  2 black bears
  An eye of draining (shapeshifter) (D:9)
  8 wolves
  A necrophage (D:9)
  4 centaurs
  12 crocodiles
  A big kobold (D:10)
  15 bullfrogs
  9 scorpions
  4 killer bees
  An electric eel (D:8)
  3 howler monkeys
  3 crimson imps
  A bullfrog zombie (D:5)
  2 centaur zombies
  2 quasits
  A jelly (D:8)
  A gnoll shaman (D:9)
  An orc priest (D:7)
  5 hounds
  4 orc wizards
  A centaur skeleton (D:4)
  A human zombie (Ossuary)
  3 iguanas
  8 worker ants
  2 hell rats (Lair:6)
  4 big kobold zombies (Ossuary)
  2 centaur simulacra (D:8)
  A hound zombie (D:5)
  A hound skeleton (D:9)
  4 mummies
  3 gnolls (D:6)
  A howler monkey skeleton (D:6)
  10 river rats (Lair:6)
  2 scorpion zombies (Ossuary)
  9 adders
  A hound simulacrum (D:8)
  3 shadow imps
  3 ufetubi (D:8)
  An adder skeleton (D:9)
  An adder zombie (D:9)
  3 leopard geckos
  23 orcs
  3 bats
  2 gnoll zombies (Ossuary)
  6 jackals (D:7)
  8 kobolds
  3 quokkas
  4 frilled lizards
  A giant cockroach zombie (D:6)
  A goblin (D:2)
  4 goblin zombies
  2 hobgoblin zombies
  3 kobold zombies (Ossuary)
  An orc zombie (Ossuary)
  A quokka skeleton (D:6)
  2 quokka zombies
  3 rats
  A fire vortex (Lair:5)
  3 fungi
  4 plants
437 creatures vanquished.

Vanquished Creatures (collateral kills)
  5 hydras
  A spiny frog (Lair:6)
  A hornet (Lair:6)
  A yak (Lair:6)
  2 wyverns (Lair:6)
  A water moccasin (Lair:6)
  2 plants (Lair:6)
13 creatures vanquished.

Vanquished Creatures (others)
  A faun (Shoals:2)
  A centaur (Lair:4)
  A scorpion (Ossuary)
  3 fungi
  8 plants
14 creatures vanquished.

Grand Total: 464 creatures vanquished

Notes
Turn   | Place    | Note
-------+----------+-------------------------------------------
     0 | D:1      | Flugslaktarn the Deep Dwarf Fighter began the quest for the
                  | Orb.
     0 | D:1      | Reached XP level 1. HP: 20/20 MP: 1/1
    50 | D:2      | Reached XP level 2. HP: 22/27 MP: 2/2
   157 | D:2      | Reached skill level 3 in Axes
   157 | D:2      | Reached XP level 3. HP: 20/33 MP: 3/3
   280 | D:4      | Got a jewelled chain mail
   291 | D:4      | Identified the +3 chain mail "Raiboz" {+Inv rF++ rC- SInv}
                  | (You found it on level 4 of the Dungeon)
   359 | D:4      | Reached XP level 4. HP: 33/42 MP: 3/3
   364 | D:4      | Found a staircase to the Ecumenical Temple.
   397 | Temple   | Entered the Ecumenical Temple
   552 | Temple   | Became a worshipper of Makhleb the Destroyer
   609 | D:4      | Reached skill level 4 in Axes
   609 | D:4      | Reached XP level 5. HP: 39/49 MP: 4/4
   781 | D:4      | Reached skill level 1 in Invocations
   949 | D:4      | Found a sparkling altar of Nemelex Xobeh.
  1227 | D:5      | Entered Level 5 of the Dungeon
  1437 | D:5      | Reached XP level 6. HP: 53/56 MP: 6/6
  1788 | D:5      | Reached skill level 5 in Axes
  1937 | D:6      | Reached XP level 7. HP: 59/64 MP: 6/8
  2001 | D:6      | Reached * piety under Makhleb
  2039 | D:6      | Found Zin's Purification Station.
  2039 | D:6      | Found a glowing silver altar of Zin.
  2135 | D:6      | Reached skill level 5 in Armour
  2170 | D:6      | Reached skill level 5 in Shields
  2187 | D:6      | Reached skill level 6 in Axes
  2477 | D:7      | Reached XP level 8. HP: 46/73 MP: 10/10
  2585 | D:7      | Found a shimmering blue altar of Sif Muna.
  2658 | D:7      | Reached skill level 7 in Axes
  2710 | D:7      | Found a sand-covered staircase.
  2716 | Ossuary  | Entered an ossuary
  2778 | Ossuary  | Reached skill level 5 in Invocations
  2795 | Ossuary  | Reached ** piety under Makhleb
  2796 | Ossuary  | Reached skill level 5 in Fighting
  2926 | Ossuary  | Gained mutation: You passively map the area around you.
                  | [Deep Dwarf growth]
  2926 | Ossuary  | Reached XP level 9. HP: 71/81 MP: 12/12
  3100 | D:7      | Found Vuidiuss's Antique Armour Shoppe.
  3181 | D:7      | Reached skill level 8 in Axes
  3260 | D:7      | Reached *** piety under Makhleb
  3267 | D:7      | Noticed Menkaure
  3273 | D:7      | Killed Menkaure
  3776 | D:8      | Reached skill level 9 in Axes
  3805 | D:8      | Noticed Prince Ribbit
  3829 | D:8      | Noticed a polar bear
  3845 | D:8      | Killed Prince Ribbit
  3846 | D:8      | Killed a polar bear
  3846 | D:8      | Reached **** piety under Makhleb
  3865 | D:8      | Reached XP level 10. HP: 90/91 MP: 13/13
  3900 | D:8      | Found Xeokh's General Store.
  3903 | D:8      | Bought a scroll of identify for 30 gold pieces
  4331 | D:9      | Found Qooxok's Gadget Shop.
  4371 | D:9      | Paralysed by a hornet for 3 turns
  4678 | D:9      | Reached skill level 10 in Axes
  4690 | D:9      | Identified the cursed ring "Nosayts" {+Blink +Fly Str+4
                  | Int-4}
  4723 | D:9      | Noticed an unseen horror
  4730 | D:9      | an unseen horror changed into an eye of draining
  4754 | D:9      | Identified the amulet "Ufatij" {Reflect rC+ Str+4 SH+3}
  4825 | D:9      | Got a transparent ivory ring
  4840 | D:9      | Got a transparent platinum amulet
  4868 | D:9      | Found a runed translucent door.
  4870 | D:9      | Found a runed translucent door.
  4870 | D:9      | Noticed a centaur warrior
  4893 | D:9      | Killed a centaur warrior
  4995 | D:9      | Found a blossoming altar of Fedhas.
  5122 | D:9      | Reached skill level 11 in Axes
  5257 | D:9      | Reached XP level 11. HP: 100/100 MP: 15/15
  5364 | D:10     | Entered Level 10 of the Dungeon
  5412 | D:10     | Found a staircase to the Lair.
  5412 | D:10     | Noticed an oklob plant
  5556 | Lair:1   | Entered Level 1 of the Lair of Beasts
  5563 | Lair:1   | Reached ***** piety under Makhleb
  5565 | Lair:1   | Identified the amulet "Iraocaw" {Gourm MR- Int+2 Stlth+}
                  | (You found it on level 9 of the Dungeon)
  5570 | Lair:1   | Identified the ring of Music {rElec rN+ Int-2 Dex+4 SInv}
                  | (You found it on level 9 of the Dungeon)
  5683 | Lair:1   | Noticed a six-headed hydra
  5700 | Lair:1   | Killed a seven-headed hydra
  6519 | Lair:2   | Found a hole to the Spider Nest.
  6556 | Lair:2   | Reached skill level 12 in Axes
  7220 | Lair:2   | Reached skill level 10 in Invocations
  7464 | Lair:3   | Reached XP level 12. HP: 84/110 MP: 17/17
  7710 | Lair:3   | Reached skill level 13 in Axes
  7721 | Lair:3   | Reached skill level 10 in Shields
  7736 | Lair:3   | Reached skill level 10 in Armour
  7771 | Lair:3   | Noticed Gastronok
  7794 | Lair:3   | Killed Gastronok
  8421 | Lair:3   | Noticed Nergalle
  8430 | Lair:3   | Killed Nergalle
  8673 | Lair:4   | Found a staircase to the Shoals.
  8769 | Lair:4   | Reached XP level 13. HP: 120/120 MP: 19/19
  9182 | Lair:5   | Reached skill level 14 in Axes
  9260 | Lair:5   | Found a staircase to the Slime Pits.
  9261 | Lair:5   | Found a viscous altar of Jiyva.
  9267 | Lair:5   | Noticed Josephine
  9287 | Lair:5   | Killed Josephine
  9317 | Lair:5   | Reached ****** piety under Makhleb
  9819 | Lair:6   | Entered Level 6 of the Lair of Beasts
 10242 | Lair:6   | Reached skill level 15 in Axes
 10325 | Lair:6   | Noticed a dire elephant
 10343 | Lair:6   | Killed a dire elephant
 10343 | Lair:6   | Gained mutation: You resist negative energy. (rN+) [Deep
                  | Dwarf growth]
 10343 | Lair:6   | Reached XP level 14. HP: 130/130 MP: 19/19
 10382 | Lair:6   | Paralysed by a hornet for 3 turns
 10886 | Shoals:1 | Entered Level 1 of the Shoals
 10897 | Shoals:1 | Reached skill level 10 in Fighting
 10944 | Shoals:1 | Identified a scroll of acquirement
 10944 | Shoals:1 | Identified the +4 chain mail of Eternal Vigilance {rElec
                  | MR+} (You acquired it on level 1 of the Shoals)
 11104 | Shoals:2 | Noticed Polyphemus
 11118 | Shoals:2 | Slain by a catoblepas

Levels and vault maps discovered:
D:1:      wander_arrival_desolate, layout_loops_ring
D:2:      layout_basic, lemuel_crystal_altar, kennysheep_slug_shrine,
          lemuel_crystal_altar
D:3:      kennysheep_goblin_castle, layout_basic, first_ration
D:4:      layout_basic, nemelex_xobeh_ov_fountains_minmay,
          minmay_temple_entry_waves, kennysheep_small_square
D:5:      layout_layer_cave
D:6:      layout_loops_ring, zin_purify
D:7:      layout_gridville, lemuel_doored_altar, serial_rivers,
          chequers_serial_rivers_micro_d, chequers_serial_rivers_micro_b,
          chequers_serial_rivers_micro_c, chequers_serial_rivers_small_3,
          serial_shops, nicolae_shop_window_shopping,
          nicolae_ossuary_entry_giza, uniq_menkaure
D:8:      layout_loops_ring, serial_ice, serial_ice_e, serial_ice_a,
          serial_ice_k, serial_ice_f, serial_shops, shop, grunt_ogre_cave,
          uniq_prince_ribbit1
D:9:      minmay_the_grid_triangle_9x9_rhombus_full
          [minmay_the_grid_triangle_9x9_from_above,
          minmay_the_grid_triangle_9x9_tough_junction,
          minmay_the_grid_triangle_9x9_shrine,
          minmay_the_grid_triangle_9x9_corrupted_corridor,
          minmay_the_grid_triangle_9x9_negative_grid,
          minmay_the_grid_triangle_9x9_alien,
          minmay_the_grid_triangle_9x9_pentomino_pain,
          minmay_the_grid_triangle_9x9_prize_special], layout_basic,
          serial_shops, shop
D:10:     layout_irregular_city, dpeg_oklobed_lair, hiddenorc1_lemuel,
          enter_trove_6, basic_altar, chequers_avenue,
          lemuel_mausoleum_altar_yredelemnul
Temple:   eino_temple_scatter_basement
Lair:1:   layout_roguey
Lair:2:   layout_layer_cave, spider_nest_entry_webs, serial_bayou_shore_b
Lair:3:   layout_hall_layers, uniq_gastronok, uniq_nergalle
Lair:4:   layout_hall_layers, minmay_shoals_entry_centaurs
Lair:5:   layout_gridlike, slime_altar_1, uniq_josephine
Lair:6:   gammafunk_lair_ancient_temple, layout_big_grid,
          gauntlet_entry_generic, kennysheep_rathole
Shoals:1: nicolae_shoals_island_circles, layout_shoals,
          nicolae_shoals_dead_sea_scrolls
Shoals:2: layout_shoals, nicolae_shoals_arrival_archipelago, uniq_polyphemus
Shoals:3: layout_shoals, hangedman_shoals_cup_caves

Skill      XL: |  1  2  3  4  5  6  7  8  9 10 11 12 13 14 |
---------------+-------------------------------------------+-----
Axes           | 3 4 5 6 7 9 11 12 13 15 | 15.7
Fighting       | 3 4 5 6 7 8 9 10 | 10.1
Armour         | 4 5 6 7 8 9 10 11 | 11.8
Shields        | 4 5 6 7 8 9 10 11 | 11.9
Invocations    | 1 2 4 5 7 8 10 11 12 13 | 13.1

Action                   |  1- 3 |  4- 6 |  7- 9 | 10-12 | 13-15 || total
-------------------------+-------+-------+-------+-------+-------++-------
Melee: War axe           |    43 |    91 |       |       |       ||   134
       Hand axe          |       |    45 |   369 |   666 |   540 ||  1620
Invok: Lesser Servant of |       |       |       |     2 |    12 ||    14
 Abil: Heal Wounds       |     1 |     2 |     5 |     4 |    19 ||    31
  Use: Scroll            |       |       |       |    23 |     8 ||    31
 Stab: Distracted        |       |       |     1 |       |     3 ||     4
  Eat: Chunk             |       |     4 |     5 |    16 |     7 ||    32
       Ration            |       |       |     1 |       |       ||     1
Armor: Scale mail        |    21 |       |       |       |       ||    21
       Chain mail        |     1 |    63 |   192 |   186 |   396 ||   838
Dodge: Dodged            |    15 |    32 |    79 |   107 |   186 ||   419
Block: Kite shield       |    23 |    75 |   178 |   380 |   425 ||  1081
       Reflection        |       |       |       |     6 |    25 ||    31
       Tower shield      |       |       |       |       |   199 ||   199

Table legend:
 A = Non-vault XP
 B = Vault XP
 C = Vault XP percentage of total XP
 D = Non-vault monster count
 E = Vault monster count
 F = Vault count percentage of total count
                 A         B        C        D         E       F
            +---------+---------+-------+---------+---------+-------
      Total |   60906 |   19447 |  24.2 |     329 |     114 |  25.7
            +---------+---------+-------+---------+---------+-------
        D:1 |       8 |       0 |   0.0 |       5 |       0 |   0.0
        D:2 |      36 |       0 |   0.0 |       8 |       0 |   0.0
        D:3 |       0 |      36 | 100.0 |       0 |       1 | 100.0
        D:4 |     265 |       0 |   0.0 |      13 |       0 |   0.0
        D:5 |     261 |       0 |   0.0 |      10 |       0 |   0.0
        D:6 |     706 |       0 |   0.0 |      20 |       0 |   0.0
        D:7 |    1121 |     190 |  14.5 |      28 |       4 |  12.5
        D:8 |     920 |    1254 |  57.7 |      20 |      12 |  37.5
        D:9 |    2047 |    3390 |  62.4 |      21 |      20 |  48.8
       D:10 |     392 |       0 |   0.0 |      12 |       0 |   0.0
     Lair:1 |    3071 |       0 |   0.0 |      13 |       0 |   0.0
     Lair:2 |    5579 |     436 |   7.2 |      27 |       2 |   6.9
     Lair:3 |   11649 |    3106 |  21.1 |      39 |       2 |   4.9
     Lair:4 |    3617 |     336 |   8.5 |      16 |       3 |  15.8
     Lair:5 |    7033 |    1687 |  19.3 |      25 |       4 |  13.8
     Lair:6 |   14332 |    8185 |  36.4 |      49 |      36 |  42.4
   Shoals:1 |    2552 |       0 |   0.0 |       5 |       0 |   0.0
   Shoals:2 |    6824 |       0 |   0.0 |      17 |       0 |   0.0
   Shoals:3 |     493 |       0 |   0.0 |       1 |       0 |   0.0
    Ossuary |       0 |     827 | 100.0 |       0 |      30 | 100.0
            +---------+---------+-------+---------+---------+-------
